Map: Orbital Shipyard

Players

ShaDoWn - Winner!

  • Race: Protoss Protoss
  • League: Grandmaster

Miszu

  • Race: Terran Terran
  • League: Grandmaster

VOD

Have the link to the VOD?

Description

Time

  • Played on: Feb. 22, 2016, 5:29 p.m.
  • Length: 7:16
Show
View Real Time Build Order
Export as new Build Order

ShaDoWn Protoss - Winner!

Build Orders: 1 Gate Expand 

Get SALT Encoding   

  12  0:01  Probe (Chrono Boost)  
  13  0:11  Probe (Chrono Boost)  
  14  0:17  Pylon  
  14  0:22  Probe (Chrono Boost)  
  16  0:36  Probe (Chrono Boost)  
  16  0:39  Gateway  
  16  0:43  Assimilator  
  16  0:46  Probe (Chrono Boost)  
  17  0:57  Probe (Chrono Boost)  
  18  1:07  Probe (Chrono Boost)  
  19  1:20  Nexus  
  19  1:28  Cybernetics Core  
  19  1:31  Probe (Chrono Boost)  
  20  1:36  Assimilator  
  20  1:42  Zealot (Chrono Boost)  
  20  1:45  Pylon  
  22  1:47  Gateway  
  22  1:49  Probe  
  23  2:03  Probe  
  23  2:06  Stalker (Chrono Boost)  
  26  2:10  Pylon  
  26  2:16  Mothership Core  
  28  2:34  Stalker (Chrono Boost)  
  30  2:37  Probe  
  25  2:47  Stalker (Chrono Boost)  
  25  2:49  Probe  
  25  3:01  Probe  
  28  3:08  Stalker (Chrono Boost)  
  25  3:13  Probe  
  25  3:19  Stalker (Chrono Boost)  
  27  3:31  Mothership Core  
  27  3:52  Probe  
  28  4:04  Probe  
  22  4:16  Adept (Chrono Boost)  
  22  4:17  Probe  
  20  4:29  Probe  
  17  4:41  Probe (Chrono Boost)  
  17  4:52  Probe (Chrono Boost)  
  18  5:02  Probe (Chrono Boost)  
  19  5:11  Stalker (Chrono Boost)  
  19  5:13  Probe  
  18  5:25  Probe  
  19  5:37  Stalker (Chrono Boost)  
  21  5:47  Probe  
  21  5:59  Probe (Chrono Boost)  
  21  6:03  Stalker (Chrono Boost)  
  21  6:11  Probe (Chrono Boost)  
  19  6:21  Probe (Chrono Boost)  
  20  6:36  Probe (Chrono Boost)  
  21  6:42  Stalker (Chrono Boost)  
  23  6:48  Probe (Chrono Boost)  
  24  7:03  Probe (Chrono Boost)  
Show
View Real Time Build Order
Export as new Build Order

Miszu Terran 

Build Orders:  

Get SALT Encoding   

  12  0:00  SCV  
  13  0:12  SCV  
  14  0:24  Supply Depot  
  14  0:25  SCV  
  15  0:47  Barracks  
  15  0:52  Barracks  
  15  1:05  Barracks  
  15  1:34  Marine  
  15  1:35  Barracks  
  15  1:38  Marine  
  17  1:40  Supply Depot  
  17  1:51  Marine x2  
  19  1:56  Marine  
  20  2:09  Marine x2  
  20  2:14  Marine  
  22  2:24  Bunker  
  22  2:26  Marine  
  22  2:27  Marine x2  
  25  2:32  Marine  
  24  2:47  Marine  
  24  2:48  Marine x2  
  24  2:50  Marine  
  27  3:05  Marine  
  27  3:06  Marine x2  
  27  3:07  Marine  
  26  3:22  Marine  
  26  3:24  Marine x2  
  26  3:25  Marine  
  29  3:40  Marine  
  30  3:41  Marine x2  
  31  4:06  Marine  
  31  4:09  Marine  
  31  4:10  Marine  
  31  4:11  Marine  
  29  4:24  Marine  
  28  4:27  Marine  
  28  4:28  Marine  
  28  4:29  Marine  
  24  4:42  Marine  
  24  4:45  Marine  
  23  4:46  Marine x2  
  20  4:59  Marine  
  20  5:02  Marine  
  20  5:03  Marine  
  20  5:04  Marine  
  22  5:17  Marine  
  22  5:20  Marine  
  24  5:21  Marine  
  24  5:22  Marine  
  26  5:35  Marine  
  24  5:38  Marine  
  24  5:39  Marine  
  24  5:40  Marine  
  23  5:53  Marine  
  23  5:56  Marine  
  25  5:57  Marine  
  25  5:58  Marine  
  24  6:11  Marine  
  22  6:14  Marine  
  22  6:15  Marine x2  
  20  6:28  Marine  
  20  6:31  Marine  
  21  6:32  Marine  
  21  6:33  Marine  
  23  6:46  Marine  
  23  6:49  Marine  
  23  6:50  Marine  
  23  6:51  Marine  
Tags
 
Add a new tag
Caveats
  • Supply blocks, unpowered buildings, or Contaminate may cause inaccurate times.
  • Supply counts are checked every 10 seconds.